 Dungeon Crawl Stone Soup version 0.17-a0-1769-g54adf96 (webtiles) character file.

12852 kroki the Cleaver (level 11, -3/142 HPs)
             Began as a Centaur Berserker on Sept 7, 2015.
             Was a High Priest of Trog.
             Slain by an orc high priest
             ... wielding a +0 mace
              (6 damage)
             ... on level 2 of the Orcish Mines.
             The game lasted 00:16:40 (12299 turns).

kroki the Cleaver (Centaur Berserker)              Turns: 12299, Time: 00:16:41

Health: -3/142     AC:  4    Str: 30    XL:     11   Next: 67%
Magic:  0/11       EV:  4    Int:  9    God:    Trog [*****.]
Gold:   1147       SH:  0    Dex: 17    Spells: 0 memorised, 10 levels left

rFire  . . .     SeeInvis .     t - +3 battleaxe (freeze) (curse)
rCold  . . .     Clarity  .     m - +0 plate armour
rNeg   . . .     SustAt   .     (no shield)
rPois  +         Gourm    .     J - +1 helmet "Vucza" {Int+3}
rElec  .         Spirit   .     w - +0 cloak {rPois}
rCorr  .         Warding  .     a - +0 pair of gloves
rMut   .         Stasis   .     L - +0 centaur barding
MR     ++...                    (no amulet)
Stlth  ..........               B - +5 ring of strength
                                p - +5 ring of dexterity {=R}

@: berserking, corroded equipment, regenerating, very quick, very resistant to
hostile enchantments, extremely unstealthy
A: hooves 3, deformed body, speed 2, tough skin 3
a: Burn Spellbooks, Berserk, Trog's Hand, Brothers in Arms, Renounce Religion


You were on level 2 of the Orcish Mines.
You worshipped Trog.
Trog was extremely pleased with you.
You were hungry.

You visited 2 branches of the dungeon, and saw 12 of its levels.

You collected 1147 gold pieces.

Inventory:

Hand weapons
 f - the +1 war axe of Light {chop, rElec}
   (You found it on level 7 of the Dungeon)

   It inflicts extra damage upon your enemies.
   It insulates you from electricity.
 t - a cursed +3 battleaxe of freezing (weapon)
   (You took it off a wight on level 10 of the Dungeon)
 y - a +1 whip of electrocution
   (You took it off an orc on level 4 of the Dungeon)
Missiles
 u - a throwing net {=f, !d}
 z - 3 curare-tipped needles
Armour
 a - a +0 pair of gloves (worn)
   (You found it on level 4 of the Dungeon)
 m - a +0 plate armour (worn)
   (You found it on level 5 of the Dungeon)
 w - a +0 cloak of poison resistance (worn)
   (You took it off Maurice on level 1 of the Orcish Mines)
 J - the +1 helmet "Vucza" (worn) {Int+3}
   (You found it on level 10 of the Dungeon)

   It affects your intelligence (+3).
 L - a +0 centaur barding (worn)
   (You found it on level 10 of the Dungeon)
Jewellery
 e - an uncursed ring of sustain attributes
   (You found it on level 6 of the Dungeon)
 p - a +5 ring of dexterity (left hand) {=R}
   (You found it on level 3 of the Dungeon)
 B - a +5 ring of strength (right hand)
   (You found it on level 6 of the Dungeon)
 H - an uncursed ring of protection from fire {rF+, !d}
   (You found it on level 8 of the Dungeon)
 N - an uncursed ring of flight {+Fly, !d}
   (You found it on level 4 of the Dungeon)
Magical devices
 d - a wand of enslavement (0)
   (You took it off an orc on level 5 of the Dungeon)
 x - a wand of slowing (2)
   (You found it on level 6 of the Dungeon)
 C - a wand of frost (31)
   (You found it on level 10 of the Dungeon)
 K - a wand of cold (7)
   (You found it on level 9 of the Dungeon)
 M - a wand of fireball (8)
   (You took it off Maurice on level 1 of the Orcish Mines)
Scrolls
 n - 3 scrolls of remove curse
 q - 3 scrolls of fog
 r - 3 scrolls of teleportation
 I - a scroll of enchant armour
Potions
 b - 2 potions of agility
 g - 2 potions of lignification {!q}
 k - 5 potions of curing
 l - 2 potions of haste
 o - a potion of berserk rage {unknown}
 v - a potion of magic {unknown}
 A - a potion of cancellation
 D - a potion of brilliance
 F - 5 potions of heal wounds
 G - 3 potions of ambrosia {!q}
Comestibles
 c - 3 slices of pizza
 h - 11 chunks of flesh {@w0}
 i - 3 meat rations {@e2}
 j - 2 bread rations {@e1}
 E - 15 fruits


   Skills:
 - Level 8.3 Fighting
 * Level 14.0 Axes
 - Level 5.8 Armour
 - Level 1.3 Dodging


You had 10 spell levels left.
You didn't know any spells.

Dungeon Overview and Level Annotations

Branches:
Dungeon (10/15)            Temple (0/1) D:4             Orc (2/4) D:10
   Lair: D:8-11

Altars:
Dithmenos
Fedhas
Gozag
Makhleb
Okawaru
Qazlal
Sif Muna
Xom
Zin

Shops:
D:6 :   D:8 (


Innate Abilities, Weirdness & Mutations

You have hooves in place of feet.
Armour fits poorly on your strangely shaped body.
You cover ground very quickly.
You have extremely tough skin (AC +3).


Message History

You kick the orc warrior!
You feel the power of Trog in you as your rage grows.
You kill the orc warrior!
Trog accepts your kill.
Your Axes skill increases to level 14!
You closely miss the orc warrior. You slash the rust devil!
You freeze the rust devil. The rust devil hits you.
The rust devil corrodes you!
The orc warrior hits you but does no damage.
An orc comes into view. It is wielding a hand axe of venom.
The orc high priest invokes the aid of Beogh against you.
You resist with almost no effort. The orc hits you but does no damage.
An orc warrior comes into view. It is wielding a short sword.
Things that are here:
a short sword; a chain mail You closely miss the orc high priest.
The orc warrior shouts!
You kick the orc high priest.
You hit the rust devil but do no damage.
You hit the orc warrior but do no damage.
You hit the orc. You freeze the orc.
You kill the orc!
Trog accepts your kill.
The red devil hits you but does no damage.
The rust devil completely misses you.
The orc high priest prays.
The orc high priest calls upon Beogh to heal the orc warrior.
The orc warrior is healed somewhat.
Unknown command.
You barely miss the orc high priest. You kick the orc high priest.
You barely miss the rust devil. You slash the orc warrior!
You freeze the orc warrior.
You feel the power of Trog in you as your rage grows.
You kill the orc warrior!
Trog accepts your kill. The rust devil hits you. The rust devil corrodes you!
The red devil hits you from afar with an antimagic trident.
An orc comes into view. It is wielding a club.
You take 1 damage, and have 69/142 hp.
You closely miss the orc high priest. You kick the orc high priest!
You hit the rust devil.
The orc high priest hits you but does no damage.
You barely miss the orc high priest. You kick the orc high priest!
You slash the rust devil! You freeze the rust devil. The rust devil hits you.
The rust devil corrodes you!
The red devil hits you but does no damage.
The orc warrior hits you from afar with a trident! 2 orcs come into view.
You take 15 damage, and have 54/142 hp.
You slash the orc high priest! You freeze the orc high priest.
You kick the orc high priest!
You hit the rust devil but do no damage.
The orc high priest hits you with a mace.
An orc comes into view. It is wielding a mace.
You take 1 damage, and have 53/142 hp.
You hit the orc high priest. You freeze the orc high priest.
You kick the orc high priest, but do no damage.
You closely miss the rust devil. The rust devil hits you.
The rust devil corrodes you!
The orc moves out of view.
The red devil barely misses you.
The orc warrior hits you from afar with a trident!
You take 9 damage, and have 44/142 hp.
You hit the orc high priest. You freeze the orc high priest.
Your kick misses the orc high priest. You slash the rust devil!
You freeze the rust devil.
You kill the rust devil!
You completely miss the orc priest.
The orc high priest mumbles some strange prayers to Beogh.
The orc high priest is healed somewhat.
The orc priest looks braver for a moment.
You slash the orc priest! You freeze the orc priest!
You kill the orc priest!
Trog accepts your kill.
You hit the orc high priest. You freeze the orc high priest. You hit the orc.
You freeze the orc.
You kill the orc!
Trog accepts your kill. The orc warrior barely misses you.
The red devil hits you from afar with an antimagic trident.
* * * LOW HITPOINT WARNING * * *
You feel your power leaking away.
The orc high priest mumbles some strange prayers to Beogh.
The orc high priest is healed somewhat.
You take 5 damage, and have 40/142 hp.
You now have 5/11 mp.
You closely miss the orc high priest. Your kick misses the orc high priest.
You slash the orc warrior! You freeze the orc warrior.
An orc comes into view. It is wielding a club.
Your plate armour prevents you from hitting the orc high priest.
You kick the orc high priest. You hit the orc warrior.
You freeze the orc warrior. You closely miss the orc.
The orc warrior hits you with a short sword!!
* * * LOW HITPOINT WARNING * * *
The orc warrior complains loudly.
The orc warrior hits you from afar with a trident.
* * * LOW HITPOINT WARNING * * *
The red devil hits you from afar with an antimagic trident!
* * * LOW HITPOINT WARNING * * *
You feel your power leaking away.
The orc high priest hits you with a mace.
You die...

##.....#.## #.........
##....... #.......#
#.......#### .
#$....4....#o.o
##......o......
#....))@oo.oo.. .#
#$<...).oo........#
##.))).##...#....#.#
##.)..# #.## #...## #
#..).## ## ###...###
##...##### ##.##.#.##
##..##..## #...#.....
##........#####.#.....#
#....##..##.##..#....##


You could see an orc high priest, a red devil, 2 orc warriors and 6 orcs.

Vanquished Creatures
  Erica (D:10)
  Erolcha (Orc:1)
  The ghost of nubinia the Geomancer, an experienced OpEE of Sif Muna (D:8)
  An unseen horror (D:10)
  Pikel (D:9)
  A hill giant (D:10)
  An orc sorcerer (Orc:2)
  Maurice (Orc:1)
  Psyche (D:8)
  2 trolls
  A two-headed ogre (D:9)
  Grinder (D:4)
  A wyvern (D:9)
  4 hippogriffs
  5 yaks (D:10)
  A deep elf mage (D:10)
  Menkaure (D:4)
  A warg (Orc:2)
  Duvessa (D:4)
  An ice beast (D:10)
  A wasp (D:7)
  2 phantoms (D:10)
  5 sky beasts
  A slave (D:9)
  8 spiders (D:10)
  5 ogres
  A centaur (D:6)
  7 orc warriors
  A giant frog (D:5)
  Dowan (D:4)
  4 scorpions
  A water moccasin skeleton (D:9)
  A killer bee (D:9)
  9 wights (D:10)
  A quasit (D:10)
  An electric eel (D:10)
  7 crimson imps
  A giant frog zombie (D:5)
  10 orc wizards
  Crazy Yiuf (D:7)
  3 centaur zombies
  7 orc priests
  3 hounds
  2 giant frog skeletons
  2 jellies
  Jessica (D:2)
  5 iguanas
  A centaur skeleton (D:8)
  6 worker ants
  A hound zombie (D:3)
  A hound skeleton (D:6)
  2 worker ant zombies
  14 adders
  3 shadow imps
  2 oozes
  8 worms
  2 adder skeletons
  6 giant geckos
  77 orcs
  6 bats
  2 giant cockroaches
  4 goblins
  4 hobgoblins
  14 kobolds
  3 quokkas
  A giant newt (D:3)
  25 jackals
  A jackal skeleton (D:4)
  A jackal zombie (D:8)
  A quokka skeleton (D:5)
  4 rats
308 creatures vanquished.

Vanquished Creatures (collateral kills)
  Nergalle (Orc:2)
  An orc (Orc:2)
2 creatures vanquished.

Vanquished Creatures (others)
  An orc warrior (D:10)
  A slave (D:9)
  A killer bee (D:9)
  A crimson imp (D:9)
  An iguana (D:9)
  An orc (D:10)
6 creatures vanquished.

Grand Total: 316 creatures vanquished

Notes
Turn   | Place    | Note
--------------------------------------------------------------
     0 | D:1      | kroki the Centaur Berserker began the quest for the Orb.
     0 | D:1      | Reached XP level 1. HP: 19/19 MP: 1/1
    62 | D:1      | Reached skill level 3 in Axes
   322 | D:1      | Reached XP level 2. HP: 23/26 MP: 2/2
  1213 | D:2      | Reached XP level 3. HP: 31/31 MP: 3/3
  1345 | D:2      | Acquired Trog's second power
  1345 | D:2      | Reached skill level 4 in Axes
  1790 | D:2      | Reached XP level 4. HP: 38/38 MP: 4/4
  1828 | D:2      | Noticed Jessica
  1839 | D:2      | Killed Jessica
  2082 | D:2      | Reached skill level 5 in Axes
  2245 | D:3      | Found a blossoming altar of Fedhas.
  2255 | D:3      | Reached XP level 5. HP: 36/45 MP: 5/5
  2341 | D:3      | Found a faded altar to an unknown god.
  2888 | D:3      | Found a glowing silver altar of Zin.
  2888 | D:3      | Found a deep blue altar of Sif Muna.
  3020 | D:3      | Found a stormy altar of Qazlal.
  3097 | D:3      | Found a shimmering altar of Xom.
  3121 | D:3      | Reached skill level 6 in Axes
  3181 | D:3      | Reached XP level 6. HP: 43/51 MP: 6/6
  3260 | D:4      | Noticed Menkaure
  3266 | D:4      | Killed Menkaure
  3345 | D:4      | Reached skill level 7 in Axes
  3371 | D:4      | HP: 12/51 [poisoned by a worker ant]
  3379 | D:4      | HP: 12/51 [poisoned by a worker ant]
  3958 | D:4      | Found an iron altar of Okawaru.
  3963 | D:4      | Noticed Duvessa
  3965 | D:4      | Noticed Dowan
  3974 | D:4      | Killed Dowan
  3974 | D:4      | Reached XP level 7. HP: 57/57 MP: 7/7
  3980 | D:4      | Killed Duvessa
  4015 | D:4      | HP: 14/57 [poisoned by a worker ant]
  4022 | D:4      | HP: 14/57 [poisoned by a worker ant]
  4030 | D:4      | HP: 13/57 [poisoned by a worker ant]
  4435 | D:4      | Noticed Grinder
  4441 | D:4      | Killed Grinder
  4441 | D:4      | Reached skill level 8 in Axes
  4494 | D:4      | Found a staircase to the Ecumenical Temple.
  4876 | D:4      | Reached skill level 9 in Axes
  4876 | D:4      | Reached XP level 8. HP: 58/63 MP: 8/8
  4995 | D:5      | Entered Level 5 of the Dungeon
  4995 | D:5      | Found an opulent altar of Gozag.
  5274 | D:5      | Acquired Trog's third power
  5331 | D:5      | Reached skill level 10 in Axes
  6128 | D:6      | Found Ycihyf's Book Shop.
  6859 | D:7      | Reached skill level 11 in Axes
  6859 | D:7      | Reached XP level 9. HP: 69/69 MP: 9/9
  6879 | D:7      | Got a slimy war axe
  6880 | D:7      | Identified the cursed +1 war axe of Light {chop, rElec} (You found it on level 7 of the Dungeon)
  7703 | D:7      | Noticed Crazy Yiuf
  7708 | D:7      | Killed Crazy Yiuf
  7840 | D:8      | Noticed Psyche
  7850 | D:8      | Killed Psyche
  7850 | D:8      | Reached skill level 12 in Axes
  8097 | D:8      | Noticed nubinia's ghost (experienced OpEE)
  8113 | D:8      | Killed nubinia's ghost
  8113 | D:8      | Reached skill level 13 in Axes
  8188 | D:8      | Found Ytigear's Weapon Shoppe.
  8230 | D:8      | Reached XP level 10. HP: 75/77 MP: 10/10
  8309 | D:8      | Found a blossoming altar of Fedhas.
  9114 | D:9      | Reached skill level 2 in Armour
  9186 | D:9      | Noticed Pikel
  9196 | D:9      | Killed Pikel
  9196 | D:9      | Reached skill level 4 in Fighting
  9881 | D:9      | Found a shadowy altar of Dithmenos.
  9942 | D:10     | Entered Level 10 of the Dungeon
  9958 | D:10     | Reached skill level 3 in Armour
  9981 | D:10     | Noticed a hill giant
  9989 | D:10     | Killed a hill giant
  9989 | D:10     | Reached skill level 5 in Fighting
 10105 | D:10     | Found a staircase to the Orcish Mines.
 10110 | D:10     | Noticed Erica
 10131 | D:10     | Killed Erica
 10131 | D:10     | Reached skill level 4 in Armour
 10204 | D:10     | Reached skill level 6 in Fighting
 10225 | D:10     | Got a heavily runed helmet
 10236 | D:10     | Identified the +1 helmet "Vucza" {Int+3} (You found it on level 10 of the Dungeon)
 10378 | D:10     | Reached XP level 11. HP: 80/91 MP: 11/11
 10504 | D:10     | Killed an unseen horror
 10504 | D:10     | Reached skill level 7 in Fighting
 10823 | D:10     | Received a gift from Trog
 10826 | D:10     | Reached skill level 5 in Armour
 11136 | Orc:1    | Entered Level 1 of the Orcish Mines
 11136 | Orc:1    | Noticed Erolcha
 11141 | Orc:1    | Killed Erolcha
 11302 | Orc:1    | Noticed Maurice
 11317 | Orc:1    | Killed Maurice
 11423 | Orc:2    | Reached skill level 8 in Fighting
 11472 | Orc:1    | Noticed Nergalle
 11508 | Orc:2    | Killed Nergalle
 11808 | Orc:1    | Found a burning altar of Makhleb.
 12281 | Orc:2    | Noticed an orc high priest
 12288 | Orc:2    | Reached skill level 14 in Axes
 12299 | Orc:2    | HP: 19/142 [orc warrior/short sword (22)]
 12299 | Orc:2    | HP: 3/142 [red devil/antimagic trident[an orc high priest] (13)]
 12299 | Orc:2    | Slain by an orc high priest

Vault maps used:
D:1:      lightli_arrival_isolated_outpost, kennysheep_boxes
D:2:      uniq_jessica
D:3:      grunt_temple_overflow_forces_of_nature,
          gammafunk_temple_overflow_elements, first_bread, ecumenical_altar_1,
          led_xom_imps
D:4:      okawaru_trees_2, lemuel_temple_firewalk, uniq_duvessa, uniq_grinder,
          uniq_menkaure
D:5:      nicolae_gozag_seed_capital
D:6:      serial_shops, nicolae_shop_trees
D:7:      uniq_crazy_yiuf_cottage
D:8:      minmay_distorted_concentric_squares, serial_shops, nicolae_shop_stone,
          hangedman_tree_tricks, uniq_psyche
D:9:      grunt_dithmenos_shadows, uniq_pikel
D:10:     david_orc_2, spider_trap, corexii_leaking_fountain, uniq_erica
Orc:1:    basic_altar, uniq_erolcha, uniq_maurice, uniq_nergalle
Orc:2:    special_room

Action                   |  1- 3 |  4- 6 |  7- 9 | 10-12 || total
-------------------------+-------+-------+-------+-------++-------
Melee: Hand axe          |   126 |   153 |       |       ||   279
       War axe           |       |    16 |   129 |   138 ||   283
       Whip              |       |       |   174 |       ||   174
       Battleaxe         |       |       |       |   150 ||   150
Invok: Berserk           |     6 |     7 |    10 |     9 ||    32
       Trog's Hand       |       |       |     2 |     5 ||     7
       Brothers in Arms  |       |       |       |     1 ||     1
Evoke: Wand              |       |       |     4 |     4 ||     8
  Use: Scroll            |     2 |     7 |     8 |     8 ||    25
       Potion            |       |       |       |     1 ||     1
  Eat: Chunk             |     3 |    13 |    13 |    13 ||    42
       Bread ration      |     1 |       |       |     1 ||     2
       Beef jerky        |       |       |     4 |       ||     4
       Fruit             |       |       |     3 |       ||     3
       Pizza             |       |       |       |     3 ||     3

Vault maps used:
D:1:      lightli_arrival_isolated_outpost, kennysheep_boxes
D:2:      uniq_jessica
D:3:      grunt_temple_overflow_forces_of_nature,
          gammafunk_temple_overflow_elements, first_bread, ecumenical_altar_1,
          led_xom_imps
D:4:      okawaru_trees_2, lemuel_temple_firewalk, uniq_duvessa, uniq_grinder,
          uniq_menkaure
D:5:      nicolae_gozag_seed_capital
D:6:      serial_shops, nicolae_shop_trees
D:7:      uniq_crazy_yiuf_cottage
D:8:      minmay_distorted_concentric_squares, serial_shops, nicolae_shop_stone,
          hangedman_tree_tricks, uniq_psyche
D:9:      grunt_dithmenos_shadows, uniq_pikel
D:10:     david_orc_2, spider_trap, corexii_leaking_fountain, uniq_erica
Orc:1:    basic_altar, uniq_erolcha, uniq_maurice, uniq_nergalle
Orc:2:    special_room

Table legend:
 A = Turns spent in this place as a percentage of turns spent in the entire game.
 B = Non-inter-level travel turns spent in this place as a percentage of non-inter-level travel turns spent in the entire game.
 C = Inter-level travel turns spent in this place as a percentage of turns spent in this place.
 D = Turns resting spent in this place as a percentage of non-inter-level travel turns spent in this place.
 E = Turns spent auto-exploring this place as a percentage of non-inter-level travel turns spent in this place.
 F = Non-inter-level travel turns spent in this place divided by the number of levels of this place that you've seen.
                   A       B       C       D       E      F
               +-------+-------+-------+-------+-------+----------------------
         Total | 100.0 | 100.0 |   0.4 |   4.5 |   7.0 | 404.2
       Dungeon |  87.7 |  87.7 |   0.4 |   4.7 |   6.8 | 425.6
  Orcish Mines |  12.3 |  12.3 |   0.7 |   3.2 |   8.9 | 297.5
               +-------+-------+-------+-------+-------+----------------------

Table legend:
 A = Kills in this place as a percentage of kills in entire the game.
 B = Kills by you in this place as a percentage of kills by you in the entire game.
 C = Kills by friends in this place as a percentage of kills by friends in the entire game.
 D = Other kills in this place as a percentage of other kills in the entire game.
 E = Experience gained in this place as a percentage of experience gained in the entire game.
 F = Experience gained in this place divided by the number of levels of this place that you have seen.
                   A       B       C       D       E      F
               +-------+-------+-------+-------+-------+----------------------
         Total | 100.0 | 100.0 | 100.0 | 100.0 | 100.0 | 1530.1
       Dungeon |  76.5 |  76.9 |   0.0 | 100.0 |  75.1 | 1378.5
  Orcish Mines |  23.5 |  23.1 | 100.0 |   0.0 |  24.9 | 2288.0
               +-------+-------+-------+-------+-------+----------------------
